 Dungeon Crawl Stone Soup version 0.27-a0-951-gae3e1deef5 (webtiles) character file.

Game seed: 1764695154921141295

98 Alarkh the Insei (level 4, 0/33 HPs)
             Began as a Demonspawn Transmuter on Apr 11, 2021.
             Slain by Crazy Yiuf
             ... wielding a +4 quarterstaff of chaos
              (20 damage)
             ... on level 2 of the Dungeon.
             The game lasted 00:02:48 (2415 turns).

Alarkh the Insei (Demonspawn Transmuter)            Turns: 2415, Time: 00:02:53

Health: 0/33       AC:  2    Str: 10    XL:     4   Next: 43%
Magic:  1/7        EV: 19    Int: 15    God:
Gold:   56         SH:  0    Dex: 19    Spells: 4/8 levels left

rFire    . . .     SeeInvis .     - Unarmed
rCold    . . .     Faith    .   (shield currently unavailable)
rNeg     . . .     Spirit   .   (armour currently unavailable)
rPois    x         Reflect  .   (helmet currently unavailable)
rElec    .         Harm     .   (cloak currently unavailable)
rCorr    .         Rampage  .   (gloves currently unavailable)
Will     .....                  (boots currently unavailable)
Stlth    ++........             (no amulet)
HPRegen  0.11/turn              (no ring)
MPRegen  0.10/turn              (no ring)

@: spider-form (expiring), very slightly contaminated
A: venomous fangs, tiny, (spiny 1)
a: End Transformation


You were on level 2 of the Dungeon.
You were a venomous arachnid creature.
You visited 1 branch of the dungeon, and saw 2 of its levels.

You collected 56 gold pieces.

Inventory:

Missiles
 g - a throwing net
Armour
 a - a +0 robe (melded)
Magical Staves
 d - a staff of death
Scrolls
 b - 3 scrolls of identify {unknown}
 c - 2 scrolls of fog {unknown}
 e - 2 scrolls of enchant armour {unknown}
 h - a scroll of enchant weapon {unknown}
 i - a scroll of holy word {unknown}
Potions
 f - a potion of brilliance {unknown}


   Skills:
 + Level 2.0 Fighting
 - Level 1.7 Dodging
 * Level 3.7 Unarmed Combat
 + Level 2.5 Spellcasting
 + Level 2.4 Transmutations


You had 4 spell levels left.
You knew the following spells:

 Your Spells              Type           Power      Damage    Failure   Level
a - Beastly Appendage     Tmut           18%        N/A       21%         1
b - Spider Form           Tmut/Pois      2%         N/A       58%         3

Your spell library contained the following spells:

 Spells                   Type           Power      Damage    Failure   Level
 Wereblood                Tmut           9%         N/A       28%         2
 Magic Dart               Conj           4%         1d3       43%         1
 Blink                    Tloc           N/A        N/A       54%         2
 Call Imp                 Summ           1%         N/A       54%         2
 Slow                     Hex            1%         N/A       54%         2
 Conjure Flame            Conj/Fire      1%         6-21      75%         3
 Mephitic Cloud           Conj/Pois/Air  1%         N/A       75%         3
 Ice Form                 Ice/Tmut       5%         N/A       90%         4
 Hydra Form               Tmut           4%         N/A       98%         5


Dungeon Overview and Level Annotations

Branches:
Dungeon (2/15)

Altars:

Annotations:
D:2 Crazy Yiuf


Innate Abilities, Weirdness & Mutations

You are a venomous arachnid creature.
You have poisonous fangs.
You are tiny and dextrous.
Your spellcasting is less reliable in this form.
Your armour is entirely melded.
You are incapable of wielding weapons or throwing items.
((You are partially covered in sharp spines.))


Message History

Unknown command.
No target in view!
No target in view!
You see here a rat corpse.
Your transformation is almost over.
Your horns disappear.
Your talons disappear.
Things that are here:
a +0 hunting sling; a +0 club; 16 stones
There is a stone staircase leading down here.
You see here a +0 dagger.
Found an escape hatch in the ceiling.
You see here a +0 dagger.
Found a stone staircase leading up.
Found a mace.
Found a runed translucent door.
Crazy Yiuf shouts!
Crazy Yiuf waves his quarterstaff at you.
Casting: Beastly Appendage (safe; 8% risk of failure)
Confirm with . or Enter, or press ? or * to list all spells.
The spell is quite dangerous to cast (36% risk of failure)!
Continue anyway?
You miscast Spider Form.
You are very lightly contaminated with residual magic.
Your body is twisted painfully.
Casting: Spider Form (quite dangerous; 36% risk of failure)
Confirm with . or Enter, or press ? or * to list all spells.
The spell is quite dangerous to cast (36% risk of failure)!
Continue anyway?
You turn into a venomous arachnid creature.
Your +0 robe melds into your body.
You open the door.
Crazy Yiuf twirls on the spot.
You hit Crazy Yiuf.
Crazy Yiuf is poisoned.
Crazy Yiuf is moderately wounded.
Crazy Yiuf yells, "Lay!
Goldfish turtle fast."
Crazy Yiuf misses you.
You barely miss Crazy Yiuf.
Crazy Yiuf is moderately wounded.
Your transformation is almost over.
Crazy Yiuf hits you with a +4 quarterstaff of chaos!
You convulse!!
Ouch! That really hurt!
You die...

#......#
#.######
#### #.#
#..# #.#
##### #..##
#.# #)..#
#...######.#
#...#
##.........#
...
#.######.##
#g# #.# #.#
♣s♣♣ #.#
####.# ♣♣.♣
##.###....##
♣.♣♣
...>.......#
♣♣.♣
##.#..######
♣♣.♣♣
##.#..#
♣♣...♣
.....##
♣...♣♣
##..##
#+..+#
.#..### ###
#....#


You could see Crazy Yiuf (very poisoned).

Vanquished Creatures
  4 gnolls
  An adder (D:2)
  2 dart slugs
  2 bats (D:1)
  3 endoplasms (D:1)
  A giant cockroach (D:1)
  7 goblins
  2 hobgoblins (D:1)
  3 quokkas (D:1)
  6 ball pythons
  6 frilled lizards
  3 kobolds
  10 rats
50 creatures vanquished.

Notes
Turn   | Place    | Note
-------+----------+-------------------------------------------
     0 | D:1      | Alarkh the Demonspawn Transmuter began the quest for the
                  | Orb.
     0 | D:1      | Reached XP level 1. HP: 15/15 MP: 3/3
   227 | D:1      | Gained mutation: You are partially covered in sharp spines.
                  | [demonic ancestry]
   227 | D:1      | Reached XP level 2. HP: 1/21 MP: 3/5
   444 | D:1      | Reached skill level 3 in Unarmed Combat
   723 | D:1      | You fall into a shaft and drop 1 floor!
   802 | D:1      | Found a faded altar of an unknown god.
  1159 | D:1      | Reached XP level 3. HP: 16/26 MP: 4/6
  1641 | D:1      | Learned a level 3 spell: Spider Form
  1883 | D:2      | Reached XP level 4. HP: 17/33 MP: 4/7
  2407 | D:2      | Found a runed translucent door.
  2408 | D:2      | Noticed Crazy Yiuf
  2415 | D:2      | Slain by Crazy Yiuf

Illustrated notes

Levels and vault maps discovered:
D:1:      nagdon_arrival_double_spiral, layout_basic,
          chequers_ecumenical_altar_grove, kennysheep_doodads,
          chequers_serial_rivers_large_a
D:2:      layout_rooms, uniq_crazy_yiuf_cottage

Skill      XL: |  1  2  3  4 |
---------------+-------------+-----
Unarmed Combat | 3 |  3.7
Transmutations | 2 |  2.4
Fighting       | 2 |  2.0
Dodging        | |  1.7
Spellcasting   | |  2.5

Action                   |  1- 3 |  4- 6 || total
-------------------------+-------+-------++-------
Melee: Unarmed           |    81 |    24 ||   105
       Kick              |     5 |     1 ||     6
       Headbutt          |     2 |       ||     2
 Cast: Beastly Appendage |    12 |     2 ||    14
       Spider Form       |     2 |     1 ||     3
 Stab: Sleeping          |     1 |     1 ||     2
Armor: Robe              |     8 |     3 ||    11
       Skin              |     1 |       ||     1
Dodge: Dodged            |    55 |    11 ||    66

Table legend: (Time is in decaauts)
 A = Elapsed time spent in this place.
 B = Non-inter-level travel time spent in this place.
 C = Inter-level travel time spent in this place.
 D = Time resting spent in this place.
 E = Time spent auto-exploring this place.
 F = Levels seen in this place.
 G = Mean time per level.
                   A        B        C        D        E       F      G
               +--------+--------+--------+--------+--------+-----+--------+
         Total |   2420 |   2388 |     32 |    211 |   1873 |   2 | 1210.0 |
       Dungeon |   2420 |   2388 |     32 |    211 |   1873 |   2 | 1210.0 |
               +--------+--------+--------+--------+--------+-----+--------+

Top non-repeatable levels by time:
     D:1: 1855 daAuts
     D:2: 564 daAuts
